 Dungeon Crawl Stone Soup version 0.26-a0-639-g72c4674329 (webtiles) character file.

Game seed: 9218644730242018611

875 Flugslaktarn the Chopper (level 7, -6/67 HPs)
             Began as a Deep Dwarf Fighter on Sept 24, 2020.
             Mangled by an ogre
             ... wielding a +0 giant club
              (22 damage)
             ... on level 5 of the Dungeon.
             The game lasted 00:01:09 (1280 turns).

Flugslaktarn the Chopper (Deep Dwarf Fighter)       Turns: 1280, Time: 00:01:10

Health: -6/67      AC:  7    Str: 21    XL:     7   Next: 74%
Magic:  4/4        EV:  7    Int:  8    God:
Gold:   204        SH: 10    Dex: 13    Spells: 6/6 levels left

rFire    . . .     SeeInvis .   a - +0 war axe
rCold    . . .     Faith    .   c - +0 kite shield
rNeg     . . .     Spirit   .   b - +0 scale mail
rPois    .         Reflect  .   (no helmet)
rElec    .         Harm     .   (no cloak)
rCorr    .         Rampage  .   (no gloves)
MR       +....                  (no boots)
Stlth    ..........             (no amulet)
HPRegen  0.00/turn              (no ring)
MPRegen  0.09/turn              (no ring)

@: non-regenerating
A: damage resistance, heal wounds, sense surroundings 1, no regeneration
a: Heal Wounds


You were on level 5 of the Dungeon.
You visited 1 branch of the dungeon, and saw 5 of its levels.

You collected 204 gold pieces.

Inventory:

Hand Weapons
 a - a +0 war axe (weapon)
Armour
 b - a +0 scale mail (worn)
 c - a +0 kite shield (worn)
Jewellery
 f - a cursed ring of attention {unknown}
   (You found it on level 3 of the Dungeon)
 i - an uncursed ring of stealth {unknown}
   (You found it on level 4 of the Dungeon)
 r - a +4 ring of protection {unknown}
   (You found it on level 5 of the Dungeon)
Wands
 j - a wand of paralysis (12)
   (You found it on level 4 of the Dungeon)
 v - a wand of iceblast (8)
   (You found it on level 5 of the Dungeon)
Scrolls
 e - 2 scrolls of remove curse {unknown}
 g - 2 scrolls of identify {unknown}
 m - a scroll of fear {unknown}
 n - a scroll of amnesia {unknown}
 q - a scroll of summoning {unknown}
 t - a scroll of vulnerability {unknown}
 w - a scroll of magic mapping {unknown}
Potions
 d - a potion of might
 h - 2 potions of berserk rage {unknown}
 k - a potion of curing {unknown}
 l - a potion of heal wounds {unknown}
 o - a potion of resistance {unknown}
 p - 2 potions of degeneration {unknown}
 s - a potion of flight {unknown}
 u - a potion of lignification {unknown}


   Skills:
 * Level 5.4 Fighting
 * Level 5.9 Axes
 + Level 5.1 Armour
 + Level 5.1 Shields


You had 6 spell levels left.
You didn't know any spells.
Your spell library was empty.

Dungeon Overview and Level Annotations

Branches:
Dungeon (5/15)
 Temple: D:4-7

Altars:
Elyvilon
Okawaru
Qazlal
Yredelemnul
The Shining One

Shops:
D:5 ((


Innate Abilities, Weirdness & Mutations

You are resistant to damage.
You can heal yourself by infusing magical energy.
You passively map a small area around you.
You do not regenerate.


Message History

You barely miss the ogre.
The ogre is lightly wounded.
You block the ogre's attack.
You slash the ogre!
The ogre is severely wounded.
The ogre hits you with a +0 giant club!!
* * * LOW HITPOINT WARNING * * *
You are too injured to fight recklessly!
You are too injured to fight recklessly!
You are too injured to fight recklessly!
You are too injured to fight recklessly!
You are too injured to fight recklessly!
You are too injured to fight recklessly!
You are too injured to fight recklessly!
You are too injured to fight recklessly!
You are too injured to fight recklessly!
You hit the ogre.
The ogre is severely wounded.
The ogre hits you with a +0 giant club!!
You die...

* ,...
,8#8........# ,
* #.........#
####.........#
## ,*
#.........####
.# *
##.####....#
.######
#..........#
......#*
#..#.....###
.####.#
#.####..#.#..##
.####.#
#....O@...#..#
...##.#
######.......#
.#.##.#
#.####.##
.#.##.#
#......#
......##
########
.#.#...#
##.....#
####...#
####..##


You could see an ogre.

Vanquished Creatures
  A water moccasin (D:5)
  An ogre (D:5)
  A centaur (D:5)
  2 scorpions
  A quasit (D:5)
  3 orc priests
  3 bullfrog skeletons
  5 orc wizards
  An iguana (D:4)
  A killer bee zombie (D:5)
  4 adders
  A white imp (D:5)
  An ooze (D:2)
  An adder skeleton (D:5)
  A dart slug (D:3)
  4 leopard geckos
  12 orcs
  A bat (D:2)
  3 giant cockroaches
  A goblin (D:1)
  3 hobgoblins
  4 jackals
  2 quokkas (D:5)
  2 frilled lizards
  A kobold (D:3)
  A leopard gecko skeleton (D:4)
  2 rats
63 creatures vanquished.

Vanquished Creatures (others)
  An orc wizard (D:5)
1 creature vanquished.

Grand Total: 64 creatures vanquished

Notes
Turn   | Place    | Note
-------+----------+-------------------------------------------
     0 | D:1      | Flugslaktarn the Deep Dwarf Fighter began the quest for the
                  | Orb.
     0 | D:1      | Reached XP level 1. HP: 20/20 MP: 1/1
    84 | D:2      | Reached XP level 2. HP: 24/27 MP: 2/2
   121 | D:2      | Reached XP level 3. HP: 29/34 MP: 3/3
   155 | D:3      | Found a stormy altar of Qazlal.
   264 | D:4      | Reached XP level 4. HP: 31/42 MP: 4/4
   388 | D:4      | Reached XP level 5. HP: 36/50 MP: 4/4
   642 | D:4      | Reached XP level 6. HP: 52/57 MP: 4/4
   740 | D:5      | Entered Level 5 of the Dungeon
   748 | D:5      | Found Fegop's Weapon Shoppe.
   946 | D:5      | Reached skill level 5 in Axes
   958 | D:5      | Reached XP level 7. HP: 35/66 MP: 4/4
   993 | D:5      | Reached skill level 5 in Fighting
  1052 | D:5      | Found Hoki's Weapon Shop.
  1148 | D:5      | Reached skill level 5 in Armour
  1148 | D:5      | Reached skill level 5 in Shields
  1223 | D:5      | Found a glowing golden altar of the Shining One.
  1223 | D:5      | Found an iron altar of Okawaru.
  1224 | D:5      | Found a white marble altar of Elyvilon.
  1252 | D:5      | Found a basalt altar of Yredelemnul.
  1280 | D:5      | Mangled by an ogre

Illustrated notes

Levels and vault maps discovered:
D:1:      mrwooster_arrival_statue_2, layout_basic
D:2:      layout_basic, nicolae_overflow_crystal_walls, marbit_many_paths,
          old_standard_altar, minmay_vboxes, uniq_natasha
D:3:      layout_basic, nicolae_qazlal_general_emergency, bloody_trog,
          minivault_27, uniq_ijyb, uniq_crazy_yiuf_cottage, uniq_terence,
          uniq_jessica
D:4:      layout_rooms
D:5:      layout_loops_cross, nicolae_overflow_quartered_altars, serial_shops,
          shop, kennysheep_mini, shop, chequers_serial_rivers_small_3

Skill      XL: |  1  2  3  4  5  6  7 |
---------------+----------------------+-----
Fighting       | 3 4 5 |  5.4
Axes           | 3 4 5 |  5.9
Armour         | 4 5 |  5.1
Shields        | 4 5 |  5.1

Action                   |  1- 3 |  4- 6 |  7- 9 || total
-------------------------+-------+-------+-------++-------
Melee: War axe           |    48 |   133 |    81 ||   262
 Abil: Heal Wounds       |       |     3 |     5 ||     8
Armor: Scale mail        |    25 |    74 |    21 ||   120
Dodge: Dodged            |    13 |    50 |    25 ||    88
Block: Kite shield       |    33 |    92 |    47 ||   172

Table legend: (Time is in decaauts)
 A = Elapsed time spent in this place.
 B = Non-inter-level travel time spent in this place.
 C = Inter-level travel time spent in this place.
 D = Time resting spent in this place.
 E = Time spent auto-exploring this place.
 F = Levels seen in this place.
 G = Mean time per level.
                   A        B        C        D        E       F      G
               +--------+--------+--------+--------+--------+-----+--------+
         Total |   1387 |   1270 |    117 |      0 |    722 |   5 |  277.4 |
       Dungeon |   1387 |   1270 |    117 |      0 |    722 |   5 |  277.4 |
               +--------+--------+--------+--------+--------+-----+--------+

Top non-repeatable levels by time:
     D:5: 581 daAuts
     D:4: 548 daAuts
     D:3: 112 daAuts
     D:1: 78 daAuts
     D:2: 66 daAuts
